Cogmind - Beta 16 @@@ ROGUE MODE // 2025.12.19 @ 04:22:12 Player: tsintsir Result: Destroyed by AT-RWN(j) with Overtuned Pulse Rifle Performance ------------- Evolutions (0) 0 Regions Visited (3) 600 Robots Destroyed (53) 265 Value Destroyed (1342) 1342 Prototype IDs (10) 200 Alien Tech Used (0) 0 Bonus (800) 800 TOTAL SCORE: 3207 Bonus ------- Registered with UFD 300 Met Optimus in HQ 500 Cogmind --------- Core Integrity 0/250 Matter 300/300 Energy 66/250 System Corruption 5% Temperature Critical (559) Movement Treading (150) Location -7/Scraptown Parts ------- > --- POWER (1) -------- Ion Engine > --- PROPULSION (2) --- Overtuned Treads Medium Treads > --- UTILITY (2) ------ Scrap Suit > --- WEAPON (2) ------- Overtuned Pulse Rifle Overtuned Barrage Gun > --- INVENTORY (5) ---- Light Nuclear Core Light Treads Improved Medium Armor Plating Force Field Peak State ------------ > --- POWER ------------ Light Nuclear Core > --- PROPULSION ------- Overtuned Treads Medium Treads > --- UTILITY ---------- Scrap Suit > --- WEAPON ----------- Junk Cannon > --- INVENTORY -------- Ion Engine Light Ion Engine Light Treads Light Treads Sensor Array [Rating: 30] Favorites ----------- Power Light Ion Engine Engine Light Ion Engine Power Core Light Nuclear Core Propulsion Light Treads Treads Light Treads Utility Large Storage Unit Device Scrap Suit Storage Large Storage Unit Processor Signal Interpreter Weapon Improved Light Cannon Energy Gun Overtuned Pulse Rifle Ballistic Gun Assault Rifle Ballistic Cannon Improved Light Cannon Launcher Grenade Launcher Special Weapon Junk Cannon Build | -11 -10 -10 -7 ------- Run | Yrd Mat Sub Scr Slots Evolved . | . . . . Power . | . . . . Propulsion . | . . . . Utility . | . . . . Weapon . | . . . . Parts Attached 26 | 7 11 . 8 Power 6 | 1 3 . 2 Engine 5 | 1 3 . 1 Core 1 | . . . 1 Reactor . | . . . . Propulsion 5 | 2 1 . 2 Treads 5 | 2 1 . 2 Leg . | . . . . Wheel . | . . . . Hover . | . . . . Flight . | . . . . Utility 5 | 2 2 . 1 Device 2 | 1 . . 1 Storage 2 | 1 1 . . Processor 1 | . 1 . . Hackware . | . . . . Protection . | . . . . Artifact . | . . . . Weapon 10 | 2 5 . 3 Energy Gun . | . . . . Energy Cannon . | . . . . Ballistic Gun 2 | 2 . . . Ballistic Cannon 4 | . 4 . . Launcher 1 | . 1 . . Special Weapon 3 | . . . 3 Impact Weapon . | . . . . Slashing Weapon . | . . . . Piercing Weapon . | . . . . Special Melee Weapon . | . . . . Unidentified Prototypes 2 | . . . 2 Parts Lost 3 | . 1 . 2 Power 1 | . 1 . . Propulsion 1 | . . . 1 Utility . | . . . . Weapon 1 | . . . 1 Highest Loss Streak 1 | . 1 . 1 To Critical Strikes . | . . . . Average Backups 10 | 2 11 13 10 Power 2 | . 1 3 2 Propulsion 1 | 1 1 1 1 Utility 4 | . 5 5 4 Weapon 2 | . 3 4 2 Tool/Special . | . . . . Unused Backups 16 | . 4 . 12 Power 1 | . . . 1 Propulsion 2 | . 2 . . Utility 8 | . 1 . 7 Weapon 5 | . 1 . 4 Tool/Special . | . . . . Average Slot Usage (%) 92 | . 99 100 86 Engine 13 | . 14 14 13 Treads 27 | . 28 28 27 Device 4 | . 3 . 5 Storage 10 | . 14 14 8 Processor 9 | . 10 14 8 Ballistic Gun 1 | . 2 . . Ballistic Cannon 18 | . 25 28 13 Special Weapon 3 | . . . 6 Peak Build Rating 30 | 9 12 10 30 Average Rating 15 | 5 10 10 19 On Entrance 7 | . 9 10 10 Avg Prop Armor Cover (%) . | . . . . Naked Turns . | . . . . Heaviest Build 37 | 13 32 31 37 Greatest Support 48 | 40 40 40 48 Greatest Overweight (x) 1 | . 1 . . Average Overweight (x) . | . . . . Largest Inventory Capacity 15 | 8 15 15 15 Average Capacity 12 | 6 14 15 11 Most Carried 15 | 5 15 13 15 Average Carried 10 | 3 11 13 10 Final Capacity 15 | 8 15 15 5 Final Carried 13 | 4 13 13 4 Scrap Suit Usage (%) 21 | . . . 39 Parts Cannibalized 15 | . . . 15 Class Distribution -------------------- 78% | Mutant 21% | Scrapper Dominant Class ---------------- Mutant | -10/Materials Mutant | -10/Subcaves Mutant | -7/Scraptown Resources | -11 -10 -10 -7 ----------- Run | Yrd Mat Sub Scr Matter Collected 1298 | 279 554 224 241 Remotely . | . . . . Salvage Created 1602 | 45 586 75 896 Parts 78 | 3 56 4 15 Haulers Intercepted 2 | . 2 . . Recyclers Shooed 2 | . 2 . . Parts Field Recycled . | . . . . Retrieved Matter . | . . . . Parts Self-Destructed . | . . . . Prevented . | . . . . Parts Restored . | . . . . Kills | -11 -10 -10 -7 ------- Run | Yrd Mat Sub Scr Combat Hostiles Destroyed 36 | . 15 3 18 Guns 5 | . 2 . 3 Cannons 16 | . 5 3 8 AOE 8 | . 8 . . Classes Destroyed 15 | 1 8 1 5 Worker 4 | . 4 . . Builder 1 | . 1 . . Tunneler 3 | 2 1 . . Hauler 2 | . 2 . . Recycler 3 | . 3 . . Operator 1 | . 1 . . Watcher 3 | . 3 . . Swarmer 10 | . 10 . . Grunt 5 | . 5 . . Subdweller 3 | . . 3 . Federalist 1 | . . . 1 Explorer 4 | . . . 4 Ranger 2 | . . . 2 Guru 5 | . . . 5 Scrapper 6 | . . . 6 Best Kill Streak 5 | 1 3 1 5 Combat Bots Only 5 | . 3 1 5 Max Kills in Single Turn 3 | 1 3 1 1 Gunslinging . | . . . . Exploded 3 | . 3 . . Melee . | . . . . Uniques/NPCs Destroyed . | . . . . Combat | -11 -10 -10 -7 -------- Run | Yrd Mat Sub Scr Hostile Shots Fired 250 | . 81 18 151 Missed 82 | . 31 4 47 Hits 168 | . 50 14 104 Projectile 168 | . 50 14 104 Critical Strikes 4 | . . 1 3 Damage Taken 2030 | . 414 306 1310 Core 250 | . 17 41 192 Absorbed by Shields . | . . . . Regen/Repaired (Parts) 133 | . . . 133 Core Remaining (%) 100 | 100 . . . Volleys Fired 139 | 10 54 14 61 Largest 2 | 2 2 2 2 Hottest 110 | 40 66 66 110 Shots Fired 226 | 20 109 29 68 Gun 60 | 20 26 . 14 Cannon 109 | . 80 29 . Launcher 3 | . 3 . . Special 54 | . . . 54 Kinetic 162 | 20 106 29 7 Thermal 7 | . . . 7 Explosive 3 | . 3 . . Electromagnetic . | . . . . Impact 54 | . . . 54 Robot Hit Streak 8 | 3 4 8 6 Robot Miss Streak 6 | 3 6 3 3 Penetration Max . | . . . . Secondary Targets 1 | . . . 1 Max Gunslinging Chain 1 | . . . 1 Shots Hit Robots 119 | 9 44 19 47 Core Hits 48 | 2 31 7 8 Critical Kills 2 | . . . 2 Critical Parts Destroyed 9 | 1 . . 8 Critical Strikes 12 | 1 1 . 10 Destroy 1 | 1 . . . Blast 1 | . 1 . . Smash 10 | . . . 10 Melee Attacks . | . . . . Impact . | . . . . Slashing . | . . . . Piercing . | . . . . Sneak Attacks . | . . . . Combat Hostiles . | . . . . Follow-up Attacks . | . . . . Damage Inflicted 4952 | 106 1515 394 2937 Guns 480 | 106 176 . 198 Cannons 1075 | . 681 394 . Explosions 658 | . 658 . . Melee . | . . . . Ramming . | . . . . Kinetic 1441 | 106 857 394 84 Thermal 114 | . . . 114 Explosive 658 | . 658 . . Electromagnetic . | . . . . Impact 2739 | . . . 2739 Slashing . | . . . . Piercing . | . . . . Highest Corruption 5 | . 5 5 5 Average Corruption 4 | . 4 5 4 Corruption Purged . | . . . . Corruption Blocked . | . . . . Effects 63 | . 37 11 15 Message Errors 16 | . 11 2 3 Matter Fused 19 | . 11 4 4 Heat Flow Errors 5 | . 3 1 1 Energy Discharges 6 | . 2 1 3 Parts Fused 1 | . 1 . . Data Loss (minor) 9 | . 5 1 3 Data Loss (major) 3 | . 1 1 1 Misfires 2 | . 1 1 . Alerts 2 | . 2 . . Overload Shots . | . . . . Overflow Damage 1340 | . 128 . 1212 Projectiles 1237 | . 25 . 1212 Explosions 103 | . 103 . . Melee . | . . . . Knockbacks 24 | . 4 5 15 Impact 15 | . . . 15 Kinetic 9 | . 4 5 . Secondary . | . . . . Self-Inflicted Damage . | . . . . Shots . | . . . . Rammed . | . . . . Targets Rammed . | . . . . Kicked . | . . . . Crushed . | . . . . Highest Temperature 547 | . 216 188 547 Average Temperature 57 | . 25 110 193 Received Heat Transfer 470 | . 18 . 452 Effects 1 | . . . 1 Shutdowns 1 | . . . 1 Siege Activations . | . . . . Martial Activations . | . . . . Shielding Activations . | . . . . Robots Disrupted . | . . . . Combat Hostiles . | . . . . Robots Corrupted 7 | . . . 7 Combat Hostiles 7 | . . . 7 Parts Fried 20 | . . . 20 Impact Corruptions 32 | . . . 32 Robots Melted . | . . . . Combat Hostiles . | . . . . Parts Melted . | . . . . Heat Transferred 224 | . . . 224 Parts Sabotaged . | . . . . Parts Stolen . | . . . . Parts Stripped . | . . . . Power Chain Reactions . | . . . . Alert | -11 -10 -10 -7 ------- Run | Yrd Mat Sub Scr Maximum Alert Level . | . . . . Low Security (%) 100 | 100 100 . . Level 1 . | . . . . Level 2 . | . . . . Level 3 . | . . . . Level 4 . | . . . . Level 5 . | . . . . High Security . | . . . . Max Security . | . . . . Peak Influence 119 | 5 119 . . Initial . | . . . . Average 48 | . 54 . . Influence Increases 599 | 10 589 . . Destroy 0b10 Robot/C 300 | . 300 . . Destroy 0b10 Robot/NC 85 | 10 75 . . Destroy Leader 60 | . 60 . . Successful Hack 14 | . 14 . . Disable Machine 90 | . 90 . . Destroy Structure 50 | . 50 . . Influence Decreases 599 | 10 551 38 . Entered New Map 19 | . . 19 . Time Decay 570 | 10 541 19 . Lost Part 10 | . 10 . . Squads Dispatched 2 | . 2 . . Investigation 1 | . 1 . . Extermination . | . . . . Reinforcement 1 | . 1 . . Assault . | . . . . Garrison . | . . . . Intercept . | . . . . Searches Triggered . | . . . . Construction Impeded . | . . . . Haulers Reinforced . | . . . . Active Scanning Responses . | . . . . Cargo Convoy Interrupts . | . . . . Stealth | -11 -10 -10 -7 --------- Run | Yrd Mat Sub Scr Distress Signals . | . . . . Communications Jammed . | . . . . Distress Signals . | . . . . Times Spotted 61 | . 27 2 32 Peak Tracking Total 8 | . 4 1 8 Tactical Retreats 2 | . . . 2 Traps | -11 -10 -10 -7 ------- Run | Yrd Mat Sub Scr Traps Triggered 4 | . 4 . . Indirectly . | . . . . Trap Hack Attempts . | . . . . Triggered . | . . . . Disarmed . | . . . . Reprogrammed . | . . . . Reused . | . . . . Traps Extracted . | . . . . Installed . | . . . . Triggered . | . . . . Machines | -11 -10 -10 -7 ---------- Run | Yrd Mat Sub Scr Machines Disabled 7 | . 6 . 1 Max in Single Turn 2 | . 2 . 1 Machines Repaired . | . . . . Machines Dismantled . | . . . . Machines Sabotaged . | . . . . Overloaded Fab Kills . | . . . . Hacking | -11 -10 -10 -7 --------- Run | Yrd Mat Sub Scr Machines Accessed 14 | . 7 . 7 Terminals 6 | . 6 . . Fabricators . | . . . . Repair Stations . | . . . . Recycling Units 1 | . 1 . . Scanalyzers . | . . . . Garrison Access . | . . . . Total Hacks 61 | . 16 . 45 Successful 51 | . 6 . 45 Failed 10 | . 10 . . Catastrophic 5 | . 5 . . Database Lockouts . | . . . . Manual 12 | . 12 . . Terminals 12 | . 12 . . Fabricators . | . . . . Repair Stations . | . . . . Recycling Units 4 | . 4 . . Scanalyzers . | . . . . Garrison Access . | . . . . Terminal Hacks 47 | . 2 . 45 Record 38 | . . . 38 Robot Analysis 6 | . . . 6 Terminal Index 1 | . 1 . . Registered Components 1 | . 1 . . Proto ID Catalog 1 | . . . 1 Fabricator Hacks . | . . . . Repair Station Hacks . | . . . . Recycling Unit Hacks 4 | . 4 . . Recycle Component 2 | . 2 . . Process 1 | . 1 . . Retrieve Matter 1 | . 1 . . Scanalyzer . | . . . . Garrison Access Hacks . | . . . . Unauthorized Hacks . | . . . . Terminals . | . . . . Fabricators . | . . . . Repair Stations . | . . . . Recycling Units . | . . . . Scanalyzers . | . . . . Garrison Access . | . . . . Data Cores Recovered . | . . . . Used . | . . . . Hacking Detections 7 | . 7 . . Full Trace Events 2 | . 2 . . Feedback Events . | . . . . Feedback Blocked . | . . . . Robot Schematics Acquired . | . . . . Robots Built . | . . . . Authchips . | . . . . Time . | . . . . Total Robot Build Rating . | . . . . Part Schematics Acquired . | . . . . Parts Built . | . . . . Authchips . | . . . . Time . | . . . . Total Part Build Rating . | . . . . Part Studies Acquired . | . . . . Parts Repaired . | . . . . Time . | . . . . Parts Recycled 2 | . 2 . . Recycled Matter 104 | . 104 . . Retrieved Matter 104 | . 104 . . Retrieved Components . | . . . . Parts Scanalyzed . | . . . . Part Schematics Acquired . | . . . . Parts Damaged . | . . . . Bothacking | -11 -10 -10 -7 ------------ Run | Yrd Mat Sub Scr Used RIF Installer . | . . . . Robots Hacked . | . . . . Non-combat . | . . . . Combat . | . . . . Robot Hacks Applied . | . . . . Relay Couplers Released . | . . . . Fabnet Peak Effective % . | . . . . Robots Rewired . | . . . . Allies Hacked . | . . . . Hacks Repelled . | . . . . Allies | -11 -10 -10 -7 -------- Run | Yrd Mat Sub Scr Total Allies . | . . . . Largest Group . | . . . . Highest-Rated Group . | . . . . Highest-Rated Ally . | . . . . Total Orders . | . . . . Ally Attacks . | . . . . Total Damage . | . . . . Kills . | . . . . Allies Corrupted . | . . . . Allies Melted 20 | . . . 20 Intel | -11 -10 -10 -7 ------- Run | Yrd Mat Sub Scr Active Infowar (turns) 580 | 45 535 . . Terrain 580 | 45 535 . . Robot Analysis Total 6 | . . . 6 Derelict Logs Recovered . | . . . . Drone Launches . | . . . . Drone Recoveries . | . . . . Exploration | -11 -10 -10 -7 ------------- Run | Yrd Mat Sub Scr Turns Passed 5932 | 278 2094 343 3217 Spaces Moved 3173 | 206 868 188 1911 Core 87 | 87 . . . Treads 3086 | 119 868 188 1911 Legs . | . . . . Wheels . | . . . . Hover . | . . . . Flight . | . . . . Fastest Speed 50 | 50 160 160 150 Average Speed 155 | 113 160 160 158 Slowest Speed 240 | 160 240 160 160 Overloaded Moves . | . . . . Propulsion Burnouts . | . . . . Robots Hopped . | . . . . Potential Cave-ins . | . . . . Cave-ins Triggered . | . . . . Exploration Rate (%) 55 | 11 92 21 96 Regions Visited 3 Branch Regions 2 Pre-discovered Areas . | . . . . Known Exits Taken 2 | . 1 1 . Unknown Exits Taken 1 | 1 . . . Scrap Searched 5 | . . . 5 Spaces Dug . | . . . . Terrain Destroyed 50 | . 43 . 7 Melee . | . . . . Projectile 8 | . 1 . 7 AOE 42 | . 42 . . Terrain Rammed . | . . . . Walls Destroyed . | . . . . Machines Disabled . | . . . . Actions | -11 -10 -10 -7 --------- Run | Yrd Mat Sub Scr Total 3938 | 227 1463 202 2046 Wait 526 | . 495 1 30 Move 3170 | 205 867 187 1911 Hop . | . . . . Pick Up 33 | 5 18 . 10 Fast Attach 19 | 6 4 . 9 Attach 4 | 1 2 . 1 Detach 6 | . 3 . 3 Swap 13 | . 11 . 2 Drop 28 | . 9 . 19 Fire 139 | 10 54 14 61 Melee . | . . . . Ram . | . . . . Kick . | . . . . Crush . | . . . . Escape Stasis . | . . . . Rewire . | . . . . Trap . | . . . . Miscellaneous . | . . . . Route ------- -11/Scrapyard -10/Materials (discovered 4 exits: *Mat x3 / *Sub) -10/Subcaves -7/Scraptown (discovered 2 exits: *Fac x2) History --------- Turn | Location | Event 48 | -11/Scrapyard | Discovered new exit (range 15) 279 | -11/Scrapyard | Entered Materials 345 | -10/Materials | Build established: Mutant 811 | -10/Materials | Discovered new exit (range 5) 820 | -10/Materials | Identified exit to Materials 1304 | -10/Materials | Discovered exit to Materials (range 16) 1670 | -10/Materials | Discovered exit to Materials (range 7) 2356 | -10/Materials | Discovered new exit (range 6) 2371 | -10/Materials | Identified exit to Subcaves 2373 | -10/Materials | Entered Subcaves 2374 | -10/Subcaves | Approached by a straggling Scientist 2685 | -10/Subcaves | Shifting Twisted Machinery released Scrap Shield 2695 | -10/Subcaves | Shifting Twisted Machinery released Mak. Hammer 2710 | -10/Subcaves | Identified exit to Scraptown 2714 | -10/Subcaves | Scientist uncovered a shortcut to Scraptown 2716 | -10/Subcaves | Entered Scraptown 2729 | -7/Scraptown | System corruption cleaned by C-Scrubber 2877 | -7/Scraptown | Heard Great Nut preacher, LISTEN AND RECITE! 3175 | -7/Scraptown | Discovered new exit (range 5) 3185 | -7/Scraptown | Identified exit to Factory 3372 | -7/Scraptown | Visited The Evicted 3425 | -7/Scraptown | Visited Fellowship of the Rings 3458 | -7/Scraptown | Visited CPS Storage 3528 | -7/Scraptown | Visited Awakened 3581 | -7/Scraptown | Visited UFD Registry 3581 | -7/Scraptown | Registered with UFD as "Fibernade" 3613 | -7/Scraptown | Visited Shadow of the Wyrm 3635 | -7/Scraptown | Visited Red Mages 4081 | -7/Scraptown | Visited Comm Corps 4279 | -7/Scraptown | Visited Junk Cannon Lab 4293 | -7/Scraptown | Found Prototype Special Weapon 4293 | -7/Scraptown | Identified Junk Cannon 4336 | -7/Scraptown | Visited Curators Association 4378 | -7/Scraptown | Visited Observation Area 4450 | -7/Scraptown | Visited Science Guys 4666 | -7/Scraptown | Found Scrap Suit 4739 | -7/Scraptown | Discovered exit to Factory (range 3) 4866 | -7/Scraptown | Visited Abandonware Association 4893 | -7/Scraptown | Learned abandonware demo "REBOOT5.EXE" 4960 | -7/Scraptown | Build established: Scrapper 5016 | -7/Scraptown | Met Optimus 5016 | -7/Scraptown | Accepted into 0bPrime 5129 | -7/Scraptown | Visited Analyses Database 5183 | -7/Scraptown | Civil war broke out across Scraptown 5277 | -7/Scraptown | Lost 6 allies 5465 | -7/Scraptown | Optimus destroyed in the chaos of civil war 5589 | -7/Scraptown | Visited Junk Repository 5651 | -7/Scraptown | Found Prototype Special Weapon 5651 | -7/Scraptown | Identified Exp. Plasma Cutter 5710 | -7/Scraptown | Visited Junk Repository 5753 | -7/Scraptown | Core integrity fell below 50% 5809 | -7/Scraptown | Lost 3 allies 5836 | -7/Scraptown | Core integrity fell below 20% 5879 | -7/Scraptown | Lost 4 allies 5933 | -7/Scraptown | Destroyed by AT-RWN(j) with Overtuned Pulse Rifle Last Messages --------------- 05908_ HM-3M0(j) system corrupted by crushing effect. 05908_ HM-3M0(j) knocked back. 05909_ HM-3M0(j) system terminally corrupted. 05909_ Ovr. Pulse Rifle fried. 05909_ Mak. Salvage Targeting Computer fried. 05909_ Lgt. Deuterium Engine fried. 05912_ Junk Cannon destroyed. 05916_ Scrap Suit secures Ovr. Pulse Rifle. 05918_ 3M-CB3(p) suffers critical hit (Burn). 05918_ 3M-CB3(p) destroyed. 05919_ Scrap Suit secures Ovr. Barrage Gun. 05923_ GU-HU6(x) destroyed. 05925_ Y1-TOU(j) destroyed. 05927_ QH-N01(x) destroyed. 05928_ Acquired 20 matter. 05930_ Power failure, Ion Engine shutdown. 05930_ Acquired 4 matter. 05931_ HG-OUG(j) destroyed. 05931_ Switching to secondary target: AT-RWN(j). 05932_ Acquired 4 matter. Map ----- +----------------------------------------------------+ | #???????#" | | #???????#" | | ####### #???#####" | | ??????# #???#"""" """"""""""""""""""" | | ??????# #???#"""" """"""""""""""""""" | | ??????# #???#"""" =%! ""###### ######### | | ??????# #???#"""" !!!!!""# ##?? | | ??????# #???#""""*%[%[!""# [ X"#?? | | ??????# ###?#"""" [[![*""# " % " ##?? | | ??????# ""#"#"""" !!%!""# ""! "" X"#?? | | ??????# """"#""""! != ""# " [% " #### | | ??????# ""#######==! "" !% ! | | ??????# ! ######??#%*[ "" !![ %[ | | ??????# [*[####![###!![%= """ "%=!= " #### | | ??????# =!=!!!![!=%!%[[[! ""# ""!% ! " ""#?? | | ??????# !!%![=!%[[![!*!=%!""# ""=!% = ##?? | | ??????# =*%!%[[%!*!!%=!= * ""# =% [ %= "#?? | | ??????# ===%=%!%*[%[=%!! ""# !! [%=##?? | | ####### %!*![%!=&![=%!=%!& "###### #""""#### | | =*[*%!%==%%[[==*=[ """""""""""""""" | | ![==!%!=!%=!!!!/*== " "" ""%=""""" | | %!!!![!!![=!==!!%%!= % % =![!!==%!! | | =!!%!=**[%!%[j!%** % !%!%=[%*%*[%!!!* | | !%=%%/%![!=!%!!=%[ %= ![ ![!!=![[%[ | | %[!![[=#""""#%*/!% ! =!=!%!=*![!%%*[=% | | [=== #????#@=!!=% %!%%=% %[![*= | | !* #????#"!!" "!*!! !"[ ! "" | | ## ########## ####????#####;=%#####;##"## ###### | | #???# #????????# % ##"""" "" """"# | | #???# #????????# %! ### # | | #???# #????????# #& # #?# # | | #???# #????????# # #![#?# """"# | | #???# #???????#"=!#! !# !#?# ######## | | " "#???# #???????############?#" # # | | # " " ##???# #????????????????????#"" """" # | | # # # #????# #????????????????????#""""" """" # | | ########????# #????????????????????#""""" """" # | | ????????????# #????????????????????#"" """" # | | ????????????# #????????????????????#""""" # | | ?############ #????????????????????############# | | ?#""""""""""" #????############################# | | ?#""""" """"" #????# ##"""##"""##"""##"" | | ##"""" " "" #????# """"""" ## " ##|""#"" "##" | | #????# """"""" !== % | | ##"" "" "" " #????# """"""" =! %! =% | | ?#""""""""""" #????# """""" !%! ! = | | ?#""""""""""" #????# """"""" ##"""#"* "##""|##"| | | ?############ #????# ##"""##"""##"""##"" | | ?############ #????############################# | | #"""""""""""# #????????????????????????????????? | +----------------------------------------------------+ Best States ------------- Heat Dissipation 25 Energy Generation 14 Energy Capacity 250 Matter Stores 300 Matter Capacity 300 Sight Range 16 Terrain Scan Range 16 Terrain Scan Density 10 Evasion (%) 50 Recoil Reduction 2 Item Schematics ----------------- None Robot Schematics ------------------ None Fabricated ------------ Nothing Repaired ---------- Nothing Studied --------- None Alien Tech Used ----------------- None Achievements -------------- Armchair Analyst Civilization 2243 Into The Breach Link The Feds Nice Directions, Buddy Challenges ------------ None Game ------ Seed AdvancedMetamassCapacitor Manual? 0 Play Time 01:21:31 Cumulative 30.0 hours Start 2025.12.19 @ 02:31:02 End 2025.12.19 @ 04:22:12 Sessions 1 Manual Loads 0 Difficulty Rogue Special Mode None Game No. 30 Rogue 30 Adventurer 0 Explorer 0 Win Type - Total 0 Types 0/0/0/0/0/0/0/0/0/0 Lore% 23 Gallery% 29 Achievement% 22 Wizard Run 0 Options --------- Layout 0 ASCII 0 Keyboard 0 Movement Mouse Keybinds 0 Fullscreen 2 Font 24/Smallcaps Map View 76x50 Zoom Use 0% Tactical HUD 1 Map Filters NONE Filters NONE Steam 1 RUN: 1738c444-8a53-4c18-8448-7ee61557f6f0